 Dungeon Crawl Stone Soup version 0.17.1-1-g73c8601 (webtiles) character file.

282 ventricule the Cudgeler (level 6, 0/47 HPs)
             Began as a Formicid Chaos Knight on Dec 23, 2015.
             Was an Initiate of Ashenzari.
             Slain by Grinder the hellion (5 damage)
             ... on level 3 of the Dungeon.
             The game lasted 00:06:12 (3072 turns).

ventricule the Cudgeler (Formicid Chaos Knight)     Turns: 3072, Time: 00:06:13

Health: 0/47       AC:  5    Str: 16    XL:     6   Next: 54%
Magic:  6/6        EV: 11    Int: 12    God:    Ashenzari [......]
Gold:   144        SH:  0    Dex: 12    Spells: 0 memorised, 5 levels left

rFire  . . .     SeeInvis +     a - +0 mace (chaos)
rCold  + . .     Clarity  .     b - +2 leather armour
rNeg   . . .     SustAt   .     (no shield)
rPois  .         Gourm    .     (helmet unavailable)
rElec  .         Spirit   .     (no cloak)
rCorr  .         Warding  .     (no gloves)
rMut   .         Stasis   +     (no boots)
MR     .....                    (no amulet)
Stlth  +.........               (no ring)
                                d - ring of protection from cold

@: not resistant to hostile enchantments, very unstealthy
A: permanent stasis, dig shafts and tunnels, four strong arms, antennae 3
a: Dig, Shaft Self, Renounce Religion


You were on level 3 of the Dungeon.
You worshipped Ashenzari.
Ashenzari was noncommittal.
You were not hungry.

You visited 1 branch of the dungeon, and saw 3 of its levels.

You collected 144 gold pieces.


Innate Abilities, Weirdness & Mutations

You are under a permanent stasis effect.
You can dig through walls and to a lower floor.
Your four strong arms can wield two-handed weapons with a shield.
You have a pair of large antennae on your head (SInv).


   Skills:
 - Level 3.2 Fighting
 + Level 6.8 Maces & Flails
 - Level 2.1 Armour
 - Level 0.8 Dodging


You had 5 spell levels left.
You didn't know any spells.

Inventory:

Hand Weapons
 a - a +0 mace of chaos (weapon)
Armour
 b - a +2 leather armour (worn)
Jewellery
 d - a ring of protection from cold (left hand)
Books
 e - a Young Poisoner's Handbook

   Spells                             Type                      Level
   a - Sting                          Conjuration/Poison           1
   b - Cure Poison                    Poison                       2
   c - Mephitic Cloud                 Conjuration/Poison/Air       3
   d - Olgreb's Toxic Radiance        Poison                       4
   e - Venom Bolt                     Conjuration/Poison           5
Comestibles
 c - 3 bread rations
 h - 2 meat rations

Dungeon Overview and Level Annotations

Branches:
Dungeon (3/15)

Altars:
Ashenzari
Ru

Annotations:
D:3 Grinder

▒▒▒▒▒.▒▒▒▒.▒
▒▒...▒▒▒.▒▒▒▒▒
▒...........<▒ ▒▒▒
▒....▒▒▒.▒▒▒.▒ ..▒
▒.▒.▒▒▒▒.▒ ▒.▒
▒.▒▒▒.▒.▒▒...▒ ▒.▒
........▒▒.▒▒▒ ▒.▒
▒▒..........▒▒ ▒.▒
▒...........▒ ▒a▒
▒▒.▒▒.▒▒▒▒...▒ ▒2▒
...▒▒.▒▒▒....▒▒▒.▒▒▒▒
▒.▒▒▒...............▒
▒.▒ ▒▒▒▒.?.....▒▒▒▒.▒
▒.▒ ▒.....▒.▒ ▒ ▒.▒▒▒
▒▒....▒.▒ ▒...▒
▒▒▒▒.▒.▒ ▒▒▒_▒ ▒.▒.▒


You could see Grinder the hellion.


Message History

You closely miss Grinder.
Grinder is lightly wounded.
Grinder hits you.
You writhe in agony.
* * * LOW HITPOINT WARNING * * *
You closely miss Grinder.
Grinder is lightly wounded.
Grinder gestures.
Grinder blinks!
You closely miss Grinder.
Grinder is lightly wounded.
Grinder misses you. Grinder barely misses you.
You hit Grinder.
Grinder is moving more slowly.
Grinder is moderately wounded.
Grinder hits you.
* * * LOW HITPOINT WARNING * * *
The helpless Grinder fails to defend himself.
You hit Grinder.
Grinder is moderately wounded.
Grinder hits you!
* * * LOW HITPOINT WARNING * * *
You writhe in agony.
* * * LOW HITPOINT WARNING * * *
You hit Grinder.
You heal Grinder.
Grinder is lightly wounded. x2
Grinder closely misses you.
You hit Grinder but do no damage.
Grinder evaporates and reforms as a hellion!
Grinder hits you.
You die...
Xom chuckles heartily!

Action                   |  1- 3 |  4- 6 || total
-------------------------+-------+-------++-------
Melee: Mace              |   113 |    90 ||   203
 Abil: Dig               |       |     2 ||     2
 Stab: Sleeping          |     1 |       ||     1
       Petrifying        |       |     1 ||     1
  Eat: Chunk             |     1 |     4 ||     5
       Meat ration       |       |     1 ||     1

Vault maps used:
D:1:      erik_arrival_orb_chamber, st_stairs_10, hangedman_decor_growths
D:2:      ecumenical_altar_1, first_bread
D:3:      grunt_temple_overflow_diamond, overflow_temple_1_default,
          nicolae_ashenzari_panopticon, uniq_jessica, uniq_sigmund, uniq_grinder

Notes
Turn   | Place    | Note
--------------------------------------------------------------
     0 | D:1      | ventricule the Formicid Chaos Knight began the quest for the Orb.
     0 | D:1      | Reached XP level 1. HP: 18/18 MP: 1/1
    37 | D:1      | Reached XP level 2. HP: 12/24 MP: 2/2
   493 | D:1      | XOM: divination: detect items
   891 | D:1      | XOM: mild Erth miscast
  1007 | D:2      | XOM: silly message
  1054 | D:2      | Reached skill level 4 in Maces & Flails
  1054 | D:2      | Reached XP level 3. HP: 29/29 MP: 3/3
  1273 | D:2      | Reached XP level 4. HP: 28/35 MP: 4/4
  1275 | D:2      | XOM: harmless Tloc miscast
  1522 | D:2      | XOM: noise
  1622 | D:2      | Reached skill level 5 in Maces & Flails
  1799 | D:2      | Found a faded altar to an unknown god.
  2058 | D:3      | Noticed Sigmund
  2144 | D:3      | XOM: chaos upgrade
  2150 | D:3      | Killed Sigmund
  2150 | D:3      | Reached skill level 6 in Maces & Flails
  2150 | D:3      | Reached XP level 5. HP: 32/41 MP: 5/5
  2150 | D:3      | Reached XP level 6. HP: 36/47 MP: 6/6
  2268 | D:3      | Noticed Jessica
  2284 | D:3      | Killed Jessica
  2436 | D:3      | Found a shattered altar of Ashenzari.
  2475 | D:3      | Fell from the grace of Xom
  2475 | D:3      | Became a worshipper of Ashenzari the Shackled
  2558 | D:3      | Found a sacrificial altar of Ru.
  2582 | D:3      | XOM: torment (25/47 hp)
  3060 | D:3      | Noticed Grinder
  3072 | D:3      | Noticed Grinder
  3072 | D:3      | Grinder changed into Grinder the hellion
  3072 | D:3      | Slain by Grinder the hellion

Vanquished Creatures
  Sigmund (D:3)
  Jessica (D:3)
  5 adders (D:2)
  3 worms
  3 giant cockroaches
  4 goblins
  6 hobgoblins
  3 kobolds
  A quokka (D:2)
  A ball python (D:3)
  6 bats
  5 giant newts
  16 rats
55 creatures vanquished.
